 Dungeon Crawl Stone Soup version 0.20-a0-640-g62ed22f (webtiles) character file.

86 Klosterheim the Conjurer (level 4, -9/36 HPs)
             Began as a Naga Wizard on Feb 12, 2017.
             Killed from afar by Ijyb (19 damage)
             ... with a wand of lightning (?/15)
             ... on level 2 of the Dungeon.
             The game lasted 00:03:04 (2287 turns).

Klosterheim the Conjurer (Naga Wizard)              Turns: 2287, Time: 00:03:05

Health: -9/36      AC:  2    Str:  9    XL:     4   Next: 49%
Magic:  1/8        EV: 10    Int: 20    God:
Gold:   36         SH:  0    Dex:  9    Spells: 8/9 levels left

rFire    . . .     SeeInvis +   (no weapon)
rCold    . . .     Gourm    .   a - +0 robe
rNeg     . . .     Faith    .   (no shield)
rPois    +         Spirit   .   b - +0 hat
rElec    .         Reflect  .   (no cloak)
rCorr    .         Harm     .   (no gloves)
MR       .....                  (no barding)
Stlth    ++........             (no amulet)
Regen    0.2/turn               (no ring)
MPRegen  0.2/turn               (no ring)

@: very slow
A: see invisible, deformed body, poison resistance, slowness 2, slow metabolism
1, spit poison 1, AC +1
a: Spit Poison


You were on level 2 of the Dungeon.
You were not hungry.

You visited 1 branch of the dungeon, and saw 2 of its levels.

You collected 36 gold pieces.

Inventory:

Armour
 a - a +0 robe (worn)
 b - a +0 hat (worn)
Scrolls
 e - 2 scrolls of identify {unknown}
 g - 2 scrolls of recharging {unknown}
 h - 3 scrolls of remove curse {unknown}
 i - 2 scrolls of amnesia {unknown}
 l - 2 scrolls of teleportation {unknown}
Potions
 k - 2 potions of ambrosia {unknown}
 m - a potion of mutation {unknown}
 n - a potion of lignification {unknown}
Books
 c - a book of Minor Magic

   Spells                             Type                      Level
   a - Magic Dart                     Conjuration                  1
   b - Blink                          Translocation                2
   c - Call Imp                       Summoning                    2
   d - Slow                           Hexes                        2
   e - Conjure Flame                  Conjuration/Fire             3
   f - Mephitic Cloud                 Conjuration/Poison/Air       3
Comestibles
 d - a bread ration
 f - a meat ration
 j - 2 chunks of flesh


   Skills:
 - Level 1.5 Dodging
 - Level 3.0 Stealth
 - Level 3.0 Spellcasting
 + Level 4.2 Conjurations
   Level 1.0 Summonings
   Level 1.0 Translocations


You had 8 spell levels left.
You knew the following spells:

 Your Spells              Type           Power        Failure   Level  Hunger
a - Magic Dart            Conj           ###.         2%          1    None


Dungeon Overview and Level Annotations

Branches:
Dungeon (2/15)

Altars:

Annotations:
D:2 Ijyb


Innate Abilities, Weirdness & Mutations

You cannot wear boots.
Your serpentine skin is tough. (AC +1)
You have supernaturally acute eyesight. (SInv)
Armour fits poorly on your strangely shaped body.
Your system is resistant to poisons. (rPois)
You cover ground very slowly.
You have a slow metabolism.
You can spit poison.


Message History

The jackal barks!
Ijyb the Twisted Goblin comes into view.
Casting: Magic Dart
Confirm with . or Enter, or press ? or * to list all spells.
Aiming: Magic Dart
Press: ? - help, Shift-Dir - straight line, f/p - jackal
Aim: a jackal (almost dead)
The magic dart hits the jackal.
You kill the jackal!
Ijyb shouts!
Ijyb zaps a wand.
The bolt of lightning hits the jackal.
The jackal dies!
The bolt of lightning hits you!
It is a wand of lightning (?/15).
Ijyb zaps a wand.
The bolt of lightning hits you!
* * * LOW HITPOINT WARNING * * *
A ball python comes into view.
You see here a stone.
Ijyb zaps a wand.
The bolt of lightning hits you!
Ouch! That really hurt!
You die...

.##.# #.#.# .....
.##.#####...# ##+######....
.'.......#..# #..........#
.##.####รท#..# #..........#
.#....<#)...# #..........#
.........##(#####..........#
.........+....)............#
#........##.##....)...######
###########.##..@.....#
#..#........# ##.#......(.#
#.#........######
#...............#
####.....#'##(.....#
#.....##.#.##g.....#
#......#.#.##......#
#....#.#.#.##.....)#


You could see Ijyb.

Vanquished Creatures
  2 adders (D:2)
  An ooze (D:1)
  3 dart slugs
  2 leopard geckos
  A bat (D:1)
  6 goblins
  15 hobgoblins
  A jackal (D:2)
  A quokka (D:2)
  6 frilled lizards
  8 kobolds
  4 rats
50 creatures vanquished.

Vanquished Creatures (others)
  A jackal (D:2)
1 creature vanquished.

Grand Total: 51 creatures vanquished

Notes
Turn   | Place    | Note
-------+----------+-------------------------------------------
     0 | D:1      | Klosterheim the Naga Wizard began the quest for the Orb.
     0 | D:1      | Reached XP level 1. HP: 15/15 MP: 4/4
   246 | D:1      | Reached skill level 2 in Conjurations
   246 | D:1      | Reached XP level 2. HP: 22/22 MP: 3/6
  1001 | D:1      | Reached XP level 3. HP: 28/28 MP: 5/7
  1132 | D:1      | Reached skill level 3 in Conjurations
  1914 | D:2      | Reached XP level 4. HP: 32/36 MP: 4/8
  2089 | D:2      | Reached skill level 4 in Conjurations
  2278 | D:2      | Noticed Ijyb
  2287 | D:2      | Killed from afar by Ijyb

Vault maps used:
D:1:      dpeg_arrival_concentric_ovals
D:2:      overflow_temple_1_default, uniq_iyjb, uniq_jessica

Skill      XL: |  1  2  3  4 |
---------------+-------------+-----
Conjurations   | 2 3 4 |  4.2
Dodging        | |  1.5
Stealth        | |  3.0
Spellcasting   | |  3.0
Summonings     | |  1.0
Translocations | |  1.0

Action                   |  1- 3 |  4- 6 || total
-------------------------+-------+-------++-------
Melee: Unarmed           |     7 |    11 ||    18
 Cast: Magic Dart        |    97 |    21 ||   118
  Eat: Chunk             |     2 |       ||     2
Armor: Robe              |     1 |     2 ||     3
Dodge: Dodged            |    17 |     7 ||    24
